Map: Tokamak LE

Players

SpeCial - Winner!

  • Race: Terran Terran
  • League: Grandmaster
  • Spawn Location: 7:00

eGGz

  • Race: Zerg Zerg
  • League: Master
  • Spawn Location: 1:00

VOD

Have the link to the VOD?

Description

Time

  • Played on: July 31, 2025, 9:09 p.m.
  • Length: 12:52
Show
View Real Time Build Order
Export as new Build Order

SpeCial Terran - Winner!

Build Orders: Reaper Expand 

Get SALT Encoding   

  12  0:00  SCV  
  13  0:12  SCV  
  14  0:17  Supply Depot  
  14  0:24  SCV  
  15  0:38  SCV  
  15  0:40  Barracks  
  16  0:43  Refinery  
  16  0:50  SCV  
  17  1:02  SCV  
  18  1:14  SCV  
  19  1:27  Reaper  
  19  1:28  Orbital Command  
  20  1:38  Command Center  
  20  1:49  Supply Depot  
  20  1:54  SCV  
  21  1:58  Marine  
  22  2:06  SCV  
  23  2:12  Factory  
  23  2:18  SCV  
  23  2:22  Barracks Reactor  
  24  2:30  SCV  
  24  2:34  Command Center  
  25  2:42  SCV  
  26  2:52  Orbital Command  
  26  2:54  SCV  
  27  3:00  Starport  
  27  3:05  Refinery  
  27  3:06  SCV  
  27  3:10  Hellion  
  27  3:12  Hellion  
  32  3:16  Barracks Tech Lab  
  32  3:19  SCV x2  
  34  3:31  SCV x2  
  36  3:35  Hellion x2  
  40  3:43  SCV, Banshee  
  40  3:44  Barracks Tech Lab  
  40  3:48  Orbital Command  
  44  3:49  SCV  
  46  3:55  SCV  
  46  4:01  SCV, Barracks  
  47  4:05  Marine  
  47  4:07  SCV  
  49  4:10  Barracks  
  49  4:15  Stimpack, Factory Reactor  
  49  4:17  SCV x2  
  49  4:23  SCV, Marine  
  53  4:28  Supply Depot  
  53  4:30  Orbital Command  
  53  4:35  SCV x2  
  55  4:41  Engineering Bay, Marine  
  55  4:42  Engineering Bay, Starport Reactor  
  49  4:47  SCV  
  49  4:49  SCV  
  49  4:52  Bunker  
  49  4:53  Engineering Bay  
  49  4:55  Engineering Bay  
  49  4:56  Refinery  
  49  4:58  SCV, Marine  
  49  4:59  Refinery  
  51  5:00  SCV  
  51  5:01  SCV, Marine x2  
  55  5:07  Marine x2  
  55  5:11  Siege Tank  
  55  5:12  SCV  
  55  5:13  SCV  
  62  5:16  Marine  
  62  5:19  Marine x2  
  65  5:25  SCV x2, Marine  
  65  5:34  Marine x2  
  63  5:36  Terran Infantry Weapons Level 1, SCV  
  63  5:37  SCV, Terran Infantry Armor Level 1  
  63  5:41  SCV  
  65  5:46  Barracks x2  
  65  5:47  Marine x3  
  65  5:48  SCV  
  69  5:53  SCV x2, Marine  
  69  5:56  Supply Depot  
  72  5:57  Medivac x2  
  72  6:00  SCV  
  72  6:01  Combat Shield  
  77  6:13  Supply Depot  
  77  6:18  SCV x3, Marine x5  
  85  6:20  Supply Depot  
  85  6:29  Supply Depot  
  85  6:34  SCV x3, Barracks Reactor, Siege Tank  
  85  6:35  Barracks Reactor  
  85  6:36  Marine x2  
  85  6:37  Armory  
  93  6:44  Marine x3  
  93  6:46  SCV x3  
  99  6:52  Medivac x2, Supply Depot  
  99  6:53  Marine  
  104  6:55  Missile Turret  
  104  6:58  SCV  
  99  7:05  Marine x4  
  99  7:08  SCV x2  
  104  7:11  SCV, Refinery x2, Marine, Factory  
  106  7:20  Marine  
  106  7:21  Marine x2  
  106  7:22  Marine  
  110  7:23  Marine  
  110  7:24  SCV  
  110  7:25  SCV x2  
  114  7:30  Terran Infantry Weapons Level 2, Supply Depot  
  114  7:33  Terran Vehicle Weapons Level 1, Marine x3  
  117  7:38  Supply Depot  
  117  7:39  Marine  
  117  7:40  SCV x2  
  117  7:42  Marine x4  
  124  7:44  Supply Depot  
  124  7:49  Marine  
  125  7:51  Siege Tank, Marine  
  125  7:53  Terran Infantry Armor Level 2  
  125  7:54  Supply Depot  
  128  8:05  Marine x7  
  126  8:06  Marine  
  126  8:08  Factory Tech Lab  
  126  8:09  Marine  
  134  8:23  Marine x4  
  134  8:25  Siege Tank  
  141  8:29  Siege Tank  
  144  8:37  Marine  
  145  8:45  Marine  
  145  8:46  Marine x7  
  151  8:53  Barracks  
  151  8:54  Barracks, Marine  
  151  8:55  Barracks  
  152  8:57  Siege Tank  
  152  8:59  Supply Depot  
  152  9:00  Supply Depot  
  141  9:03  Marine x3  
  141  9:04  Marauder  
  126  9:10  Marine x2  
  126  9:12  Siege Tank  
  126  9:13  Marine  
  119  9:21  Marine x4  
  119  9:22  Medivac x2  
  124  9:26  Marauder  
  124  9:30  Marine x3  
  129  9:31  Marine  
  130  9:41  Barracks Tech Lab, Sensor Tower  
  130  9:42  Barracks Tech Lab x2  
  130  9:46  Marine x4  
  130  9:47  Marauder  
  130  9:50  Marine  
  137  9:55  Command Center  
  137  9:56  Command Center  
  137  9:58  Siege Tank  
  137  9:59  Siege Tank  
  143  10:05  Marauder, Marine  
  143  10:06  Marine  
  147  10:08  Marauder  
  147  10:11  Medivac x2  
  153  10:16  Marauder, Marine  
  156  10:27  Marine  
  156  10:28  Marauder  
  150  10:29  Marauder, Marine x4  
  150  10:31  Siege Tank x2  
  162  10:35  Starport  
  162  10:38  Ghost Academy  
  162  10:41  Viking x2, Marine x3  
  169  10:43  Marine x2  
  169  10:45  Marine  
  169  10:46  Marine  
  173  10:55  Supply Depot  
  173  10:56  Marine, Supply Depot  
  173  11:09  Marine  
  173  11:10  Marine x2  
  173  11:13  Viking x2, Thor  
  169  11:28  Marine x3  
  169  11:31  Thor  
  173  11:37  Marine  
  173  11:38  Marine x5  
  171  11:45  Marine  
  167  11:47  Viking  
  167  11:52  Marine x3  
  169  11:54  Orbital Command  
  169  11:56  Thor  
  169  11:58  Marine  
  166  12:08  Marine x2  
  166  12:14  Marine  
  164  12:21  Marine x2  
  164  12:22  Medivac x2, Marine x3  
  161  12:28  Marine x2  
  157  12:31  Marine x2  
  157  12:32  Marine x2  
Show
View Real Time Build Order
Export as new Build Order

eGGz Zerg 

Build Orders: Hatch First 

Get SALT Encoding   

  12  0:00  Drone  
  13  0:13  Overlord  
  13  0:16  Drone  
  14  0:31  Drone x2  
  16  0:46  Hatchery  
  16  0:49  Drone  
  16  0:53  Drone  
  17  0:57  Drone  
  18  1:10  Spawning Pool  
  17  1:12  Extractor  
  17  1:14  Drone  
  17  1:26  Drone  
  17  1:29  Drone  
  19  1:39  Drone  
  20  1:56  Queen  
  20  1:58  Queen  
  20  1:59  Zergling x4  
  26  2:12  Hatchery  
  25  2:16  Drone  
  25  2:21  Overlord  
  26  2:25  Drone  
  26  2:29  Drone  
  28  2:31  Extractor  
  28  2:32  Drone  
  29  2:42  Drone x3  
  32  2:49  Lair  
  32  2:50  Drone  
  33  2:53  Drone  
  34  3:01  Queen  
  36  3:06  Overlord  
  36  3:11  Extractor x2  
  34  3:15  Drone x2  
  34  3:19  Roach Warren  
  36  3:27  Drone x4  
  38  3:30  Drone  
  41  3:40  Drone x2  
  43  3:42  Drone  
  43  3:43  Drone x3  
  47  3:49  Overlord  
  47  3:53  Drone  
  48  3:59  Glial Reconstitution  
  48  4:00  Drone  
  49  4:03  Overlord  
  49  4:12  Roach x4  
  55  4:17  Drone x2  
  55  4:20  Overlord  
  55  4:23  Roach x2  
  61  4:26  Roach  
  61  4:27  Roach  
  61  4:29  Drone  
  66  4:35  Overseer  
  66  4:37  Overlord  
  66  4:41  Drone x2  
  67  4:48  Drone x7  
  72  4:54  Spore Crawler  
  72  4:56  Spore Crawler  
  72  4:57  Drone x2  
  72  5:02  Drone  
  72  5:03  Drone x4  
  77  5:08  Ravager  
  77  5:09  Drone  
  77  5:10  Drone x2  
  81  5:18  Evolution Chamber  
  81  5:19  Evolution Chamber  
  77  5:24  Drone  
  77  5:28  Hatchery  
  61  5:42  Extractor  
  61  5:43  Extractor  
  61  5:44  Drone x2  
  61  5:45  Infestation Pit, Zerg Ground Armor Level 1, Zerg Missile Weapons Level 1  
  61  5:46  Roach x4  
  61  5:48  Overlord  
  61  5:49  Drone x2  
  70  5:53  Queen  
  70  5:56  Roach x2  
  76  5:59  Overlord  
  76  6:03  Overlord  
  76  6:06  Roach x2  
  76  6:10  Overlord  
  80  6:12  Overlord  
  80  6:14  Drone x2  
  80  6:17  Overlord  
  82  6:19  Drone x7  
  82  6:25  Roach  
  91  6:37  Drone x2  
  91  6:38  Infestor x2  
  97  6:41  Roach  
  97  6:42  Queen  
  97  6:43  Extractor  
  97  6:44  Drone x6  
  106  6:48  Roach  
  106  6:49  Roach x2, Extractor  
  111  6:59  Queen  
  109  7:02  Drone  
  109  7:03  Drone x8  
  109  7:05  Queen  
  117  7:09  Spore Crawler  
  117  7:13  Drone  
  117  7:15  Roach x4  
  123  7:20  Drone x2  
  122  7:26  Roach x3  
  122  7:28  Overlord  
  128  7:33  Overlord, Baneling Nest  
  128  7:36  Hive  
  127  7:39  Spire  
  127  7:40  Overlord  
  127  7:43  Ravager  
  127  7:44  Overlord x4  
  120  8:01  Roach x10  
  120  8:04  Hatchery  
  139  8:07  Roach x3  
  139  8:11  Roach x3  
  151  8:15  Zerg Melee Weapons Level 1  
  151  8:17  Drone x2  
  151  8:18  Baneling Nest  
  152  8:20  Drone x4  
  152  8:23  Extractor  
  152  8:24  Extractor  
  154  8:28  Ravager  
  154  8:29  Drone x3  
  154  8:31  Drone  
  159  8:37  Ravager x2  
  158  8:43  Roach x9  
  158  8:46  Ravager  
  158  8:47  Zergling x2  
  158  8:48  Zergling x12  
  172  9:07  Zergling x16  
  150  9:15  Centrifugal Hooks  
  134  9:21  Drone x3  
  134  9:22  Overlord  
  136  9:24  Greater Spire  
  136  9:29  Baneling x13  
  136  9:31  Metabolic Boost  
  136  9:32  Drone x2, Corruptor  
  136  9:33  Zergling x6, Corruptor  
  136  9:34  Zergling x8  
  150  9:45  Drone x3  
  150  9:47  Zergling x8  
  150  9:48  Spore Crawler  
  150  9:49  Corruptor  
  150  9:50  Extractor x2, Spine Crawler  
  154  9:58  Baneling x5  
  154  10:00  Corruptor x3  
  160  10:08  Drone  
  160  10:09  Drone x4  
  160  10:10  Drone  
  166  10:19  Drone x2  
  166  10:20  Drone  
  161  10:36  Brood Lord x2  
  161  10:37  Zergling x24  
  161  10:38  Brood Lord  
  161  10:39  Brood Lord  
  181  10:46  Overlord  
  181  10:50  Adrenal Glands  
  181  10:51  Overlord  
  181  10:54  Spine Crawler  
  181  10:55  Overlord  
  178  11:03  Corruptor x5  
  179  11:11  Baneling x4  
  179  11:12  Baneling x4  
  179  11:13  Zergling x2, Overlord  
  179  11:14  Zergling x20  
  176  11:31  Zergling x20  
  183  11:38  Zergling x10  
  168  11:42  Baneling x3  
  168  11:46  Zergling x4  
  159  11:52  Roach x3  
  152  12:00  Roach x3  
  141  12:08  Roach x3  
  131  12:09  Queen x2  
  131  12:14  Roach x3  
  123  12:24  Roach x3  
  123  12:29  Roach  
  118  12:31  Roach x3  
  118  12:43  Ravager x3  
Tags
 
Add a new tag
Caveats
  • Supply blocks, unpowered buildings, or Contaminate may cause inaccurate times.
  • Supply counts are checked every 10 seconds.